 Dungeon Crawl Stone Soup version 0.17-a0-1941-gcc30b76 (webtiles) character file.

117663 Kusio the Bludgeoner (level 16, -4/188 HPs)
             Began as an Ogre Berserker on Sept 30, 2015.
             Was the Champion of Trog.
             Slain by a gelid demonspawn
             ... wielding a +2 demon whip of freezing
              (24 damage)
             ... while paralysed by a hornet
             ... on level 1 of the Depths.
             The game lasted 02:17:10 (30957 turns).

Kusio the Bludgeoner (Ogre Berserker)              Turns: 30957, Time: 02:17:10

Health: -4/188     AC:  9    Str: 31    XL:     16   Next: 74%
Magic:  22/22      EV: -4    Int:  5    God:    Trog [******]
Gold:   2462       SH:  0    Dex: 14    Spells: 0 memorised, 15 levels left

rFire  . . .     SeeInvis .     T - +7 giant club of Peywk {crush, rN+ Str+6}
rCold  . . .     Clarity  +     v - +0 troll leather armour
rNeg   + . .     SustAt   .     (no shield)
rPois  .         Gourm    .     u - +0 hat
rElec  .         Spirit   .     A - +0 cloak {MR+}
rCorr  .         Warding  .     (gloves unavailable)
rMut   .         Rnd*Tele +     (boots unavailable)
MR     +++..                    P - amulet of clarity
Stlth  +.........               S - +2 ring of protection
                                a - ring of protection from magic

@: paralysed, lethally poisoned (-4 -> -15), extremely resistant to hostile
enchantments, very unstealthy
A: unfitting armour, icy blue scales 1, mutation resistance 1, sense
surroundings 1, teleportitis 1, tough skin 1, weak 1, no device heal 1, subdued
magic 1
a: Burn Spellbooks, Berserk, Trog's Hand, Brothers in Arms, Renounce Religion


You were on level 1 of the Depths.
You worshipped Trog.
Trog was exalted by your worship.
You were not hungry.

You visited 6 branches of the dungeon, and saw 30 of its levels.
You also visited: Labyrinth and Ossuary.

You collected 3078 gold pieces.
You spent 586 gold pieces at shops.

Inventory:

Hand weapons
 j - a +5 antimagic giant club
 l - a +0 morningstar of distortion
 o - a +5 blowgun
 C - a +2 flail of crushing
 T - the +7 giant club of Peywk (weapon) {crush, rN+ Str+6}
   (Trog gifted it to you on level 2 of the Lair of Beasts)

   It inflicts extra damage upon your enemies.
   It affects your strength (+6).
   It protects you from negative energy.
Missiles
 t - 11 curare-tipped needles
 x - 20 large rocks (quivered)
 L - 4 javelins of penetration
Armour
 m - a +2 shield of reflection
 u - a +0 hat (worn)
 v - a +0 troll leather armour (worn)
 z - a +0 swamp dragon armour
 A - a +0 cloak of magic resistance (worn)
 W - a +2 robe of fire resistance
Jewellery
 a - a ring of protection from magic (left hand)
 P - an amulet of clarity (around neck)
 R - an uncursed ring of protection from fire
 S - a +2 ring of protection (right hand)
Magical devices
 n - a wand of disintegration (1)
 B - a wand of teleportation (4)
 E - a wand of polymorph (17)
 F - a wand of disintegration (7)
 G - a wand of heal wounds (0)
 K - a wand of digging (2)
Scrolls
 b - 2 scrolls of fear
 c - a scroll of silence
 e - 9 scrolls of remove curse
 f - 2 scrolls of blinking
 g - 3 scrolls of fog
 h - 4 scrolls of magic mapping
 i - 6 scrolls of recharging
 s - 3 scrolls of enchant weapon
 w - 3 scrolls of enchant armour
 D - 9 scrolls of teleportation
 M - 3 scrolls of identify
Potions
 k - 6 potions of curing
 p - 2 potions of resistance
 q - 5 potions of lignification
 r - 3 potions of agility
 H - 3 potions of cancellation
 I - a potion of haste
 J - 3 potions of heal wounds
 U - a potion of flight {unknown}
 V - a potion of might
 Y - 2 potions of ambrosia
Books
 y - a book of Alchemy

   Spells                             Type                      Level
   a - Sublimation of Blood           Necromancy                   2
   b - Ignite Poison                  Fire/Transmutation/Poison    3
   c - Alistair's Intoxication        Transmutation/Poison         4
   d - Condensation Shield            Ice                          4
   e - Petrify                        Transmutation/Earth          4
   f - Irradiate                      Conjuration/Transmutation    5
   Trog disapproves of the use of such an item.
Comestibles
 d - 12 meat rations
 N - 4 fruits
 O - a royal jelly
 Q - a bread ration
 X - 4 chunks of flesh


   Skills:
 - Level 18.7 Fighting
 - Level 19.4 Maces & Flails
 - Level 12.0 Throwing
 - Level 1.0 Armour
 - Level 10.0 Dodging
 + Level 8.7 Shields
 + Level 8.3 Evocations


You had 15 spell levels left.
You didn't know any spells.

Dungeon Overview and Level Annotations

Branches:
Dungeon (15/15)            Temple (0/1) D:4            Lair (8/8) D:10
 Shoals (1/4) Lair:4       Spider (1/4) Lair:6        Slime (0/6) Lair:8
    Orc (4/4) D:12            Elf (0/3) Orc:3        Vaults (0/5) D:14
 Depths (1/5) D:15

Altars:
Dithmenos
Elyvilon
Fedhas
Gozag
Kikubaaqudgha
Okawaru
Ru
Trog
Vehumet
Xom
Yredelemnul
The Shining One
Beogh

Shops:
D:6 *:=*   D:9 %   D:13 =   Orc:1 =   Orc:3 *   Orc:4 *}%((

Portals:
Pandemonium: Orc:4

Annotations:
D:9 exclusion: statue


Innate Abilities, Weirdness & Mutations

You are too large for most types of armour.
You have tough skin (AC +1).
You are partially covered in icy blue scales (AC +1).
You are somewhat resistant to further mutation.
You passively map a small area around you.
You are occasionally teleported to nearby monsters.
You are weak. (Str -2)
Potions and wands are less effective at restoring your health.
Your spells are a little easier to cast, but a little less powerful.


Message History

The gelid demonspawn hits you with a demon whip of freezing!
The gelid demonspawn freezes you. The hornet stings you.
You are more poisoned.
You shrug off the repeated paralysis!
The hell knight casts a spell at you.
The bolt of fire hits the fire elemental.
The fire elemental completely resists.
The bolt of fire hits you!
* * * LOW HITPOINT WARNING * * *
You feel very sick. The fire elemental hits you.
* * * LOW HITPOINT WARNING * * *
The fire elemental burns you!
* * * LOW HITPOINT WARNING * * *
The hell knight hits you from afar with a demon trident of flaming.
* * * LOW HITPOINT WARNING * * *
The hell knight burns you.
* * * LOW HITPOINT WARNING * * *
The hornet stings you but does no damage.
The gelid demonspawn hits you with a demon whip of freezing!!
You die...

#..#.#...#.#. *
3#.#...#.#. . *
.#.....#.#. * ,
......... ,
,..24..# ,
,....., * , #y6#
* #@.#* , ,
*##E.# , , ,
#.pp#, , ,
,#..§..#,, , ,
##......,,≈ , *
........§§ ≈ ,
........≈§..§
...............
,
,≈........§≈≈.≈≈


You could see a cacodemon, 2 hell knights, a soul eater, a gelid demonspawn, a
hornet, a blue devil and a fire elemental.

Vanquished Creatures
  Kirke (Shoals:1)
  A shadow dragon (shapeshifter) (D:14)
  Donald (Orc:3)
  Maud (D:12)
  The ghost of EuServersOMG the Eclecticist, a powerful DECj of Vehumet (Orc:4)
  A dire elephant (D:15)
  Snorg (Orc:2)
  Josephine (D:13)
  A minotaur (Lab)
  A merfolk impaler (Shoals:1)
  2 ogre magi (D:15)
  Erolcha (D:9)
  Harold (D:11)
  3 hydras
  4 catoblepae
  An ice dragon (Depths:1)
  The ghost of P0WERM0DE the Grappler, an experienced TrCK of Xom (D:9)
  2 centaur warriors
  13 death yaks (Lair:8)
  A tengu warrior (D:14)
  4 orc high priests (Orc:4)
  Urug (D:15)
  A soul eater (Orc:4)
  5 skeletal warriors (D:13)
  A wizard (D:15)
  A sea snake (Shoals:1)
  An infernal demonspawn (Orc:4)
  9 hill giants
  4 unseen horrors
  6 orc knights
  2 oklob plants (Lair:2)
  A wolf spider (D:15)
  6 orc sorcerers
  6 ugly things
  A salamander (D:15)
  A manticore (Shoals:1)
  3 cyclopes
  6 elephants
  2 rust devils (Orc:4)
  5 griffons
  2 sirens
  Maurice (D:8)
  A black mamba (shapeshifter) (D:14)
  2 gargoyles
  An orange demon (Orc:4)
  6 black mambas
  A guardian serpent (shapeshifter) (D:14)
  The ghost of kinazarov the Covert, an experienced VSMo of Kikubaaqudgha (D:7)
  18 spiny frogs
  3 fire drakes
  A komodo dragon (shapeshifter) (D:13)
  2 centaur skeletons
  A tengu conjurer (D:12)
  11 komodo dragons
  A merfolk (Shoals:1)
  An efreet (D:13)
  5 trolls
  A freezing wraith (D:15)
  A harpy zombie (D:13)
  Prince Ribbit (D:6)
  A snapping turtle (Shoals:1)
  2 polar bears
  5 two-headed ogres (D:15)
  6 slime creatures
  5 blink frogs (Lair:4)
  6 wraiths
  2 shadows (Lab)
  A spriggan (D:8)
  4 trapdoor spiders
  3 wyverns
  50 yaks
  2 deep elf magi
  3 hungry ghosts
  5 hogs
  6 basilisks
  2 humans (D:7)
  A steam dragon (D:10)
  Menkaure (D:6)
  4 deep elf fighters (D:13)
  3 wargs
  10 hippogriffs
  2 mottled dragons
  8 porcupines
  16 water moccasins
  A soldier ant (D:10)
  A necrophage (D:9)
  An eye of draining (Lair:8)
  37 orc warriors
  A phantom (D:13)
  2 ice beasts
  3 sky beasts
  2 black bears (D:9)
  6 centaurs
  24 ogres
  15 crocodiles
  4 boggarts (D:14)
  A brain worm (D:12)
  3 elf zombies
  17 giant frogs
  3 elf skeletons
  A scorpion (D:4)
  15 killer bees
  13 wights
  2 vampire bats (Orc:3)
  2 electric eels (Lair:4)
  A troll zombie (D:9)
  6 crimson imps
  4 centaur zombies
  7 human zombies
  25 orc wizards
  The ghost of megamayne420 the Ducker, a weakling FeBe of Trog (D:5)
  2 giant frog skeletons
  Crazy Yiuf (D:2)
  6 hounds
  6 jellies
  44 orc priests
  8 iguanas
  2 human skeletons (D:4)
  11 sheep
  13 worker ants
  3 big kobold zombies (Ossuary)
  2 hound zombies
  4 hound skeletons
  5 mummies
  3 gnolls (D:4)
  59 river rats
  A worker ant zombie (D:7)
  12 adders
  3 shadow imps
  5 oozes
  4 adder zombies (Ossuary)
  3 worms
  5 giant geckos
  198 orcs
  A ball python (D:6)
  11 bats
  4 giant cockroaches
  11 hobgoblins
  16 jackals
  7 kobolds
  2 quokkas
  7 giant newts
  2 gnoll zombies (Ossuary)
  6 goblins
  5 goblin zombies (Ossuary)
  5 hobgoblin zombies (Ossuary)
  4 jackal zombies
  5 kobold zombies (Ossuary)
  3 orc zombies (Ossuary)
  3 quokka zombies (Ossuary)
  6 rats
  5 rat zombies
  5 fungi
  3 plants
1023 creatures vanquished.

Vanquished Creatures (collateral kills)
  Nessos (Lair:6)
  3 centaur warriors (D:13)
  3 death yaks (Lair:8)
  An orc high priest (Orc:4)
  Sonja (Orc:2)
  2 orc sorcerers (Orc:4)
  3 elephants (Lair:8)
  A torpor snail (Lair:6)
  A trapdoor spider (Lair:6)
  5 yaks (Lair:6)
  5 orc warriors
  2 jellies (Lair:8)
  An orc priest (Orc:2)
  2 orc wizards (Orc:2)
  4 orcs (Orc:4)
35 creatures vanquished.

Vanquished Creatures (others)
  An orc wizard (D:4)
  A worker ant (D:4)
  An adder (D:4)
  A river rat (Lair:8)
  A worm (D:4)
  An adder skeleton (D:4)
  4 orcs
  A jackal skeleton (D:4)
  A butterfly (D:4)
  23 fungi
  11 plants
46 creatures vanquished.

Grand Total: 1104 creatures vanquished

Notes
Turn   | Place    | Note
--------------------------------------------------------------
     0 | D:1      | Kusio the Ogre Berserker began the quest for the Orb.
     0 | D:1      | Reached XP level 1. HP: 24/24 MP: 1/1
    70 | D:1      | Reached XP level 2. HP: 16/32 MP: 2/2
   141 | D:1      | Reached skill level 5 in Maces & Flails
   311 | D:1      | Reached XP level 3. HP: 36/39 MP: 3/3
   594 | D:2      | Noticed Crazy Yiuf
   605 | D:2      | Killed Crazy Yiuf
   605 | D:2      | Reached skill level 6 in Maces & Flails
   605 | D:2      | Reached XP level 4. HP: 9/48 MP: 4/4
   791 | D:2      | Acquired Trog's second power
   841 | D:2      | Reached skill level 7 in Maces & Flails
   860 | D:2      | Found a blossoming altar of Fedhas.
  1036 | D:2      | Reached XP level 5. HP: 28/54 MP: 5/5
  1173 | D:2      | Found a bloodstained altar of Trog.
  1584 | D:3      | Found a faded altar to an unknown god.
  1787 | D:4      | Reached skill level 8 in Maces & Flails
  1847 | D:4      | Found a staircase to the Ecumenical Temple.
  1910 | D:4      | Reached XP level 6. HP: 60/62 MP: 6/6
  1937 | D:4      | Reached skill level 9 in Maces & Flails
  2170 | D:4      | Reached XP level 7. HP: 13/70 MP: 7/7
  2215 | D:4      | Reached skill level 10 in Maces & Flails
  2221 | D:4      | Found a sand-covered staircase.
  2250 | Ossuary  | Entered an ossuary
  2677 | Ossuary  | Reached skill level 11 in Maces & Flails
  3582 | D:4      | Reached XP level 8. HP: 46/78 MP: 8/8
  3594 | D:4      | Found a glowing golden altar of the Shining One.
  3730 | D:4      | Reached skill level 12 in Maces & Flails
  3950 | D:5      | Entered Level 5 of the Dungeon
  4205 | D:5      | Noticed megamayne420's ghost (weakling FeBe)
  4214 | D:5      | Killed megamayne420's ghost
  4255 | D:5      | Found a sacrificial altar of Ru.
  4310 | D:5      | Found a shimmering altar of Xom.
  4647 | D:5      | Found a white marble altar of Elyvilon.
  4671 | D:5      | Reached skill level 13 in Maces & Flails
  4749 | D:6      | Found Qoygiun's Book Shoppe.
  4771 | D:6      | Found Nufuanel's Assorted Antiques.
  4772 | D:6      | Noticed Menkaure
  4789 | D:6      | Killed Menkaure
  4863 | D:6      | Bought a scroll labeled PUSMU IDGHIECKE for 25 gold pieces
  4863 | D:6      | Bought a scroll of identify for 50 gold pieces
  5019 | D:6      | Found an iron altar of Okawaru.
  5138 | D:6      | Reached skill level 14 in Maces & Flails
  5148 | D:6      | Reached XP level 9. HP: 84/84 MP: 9/9
  5159 | D:6      | Noticed Prince Ribbit
  5172 | D:6      | Killed Prince Ribbit
  5248 | D:6      | Found Ylaluin's Jewellery Emporium.
  5263 | D:6      | Found Mighon's General Store.
  5269 | D:6      | Bought a scroll of identify for 24 gold pieces
  5269 | D:6      | Bought a scroll of enchant armour for 90 gold pieces
  5396 | D:6      | Reached skill level 15 in Maces & Flails
  5595 | D:7      | Acquired Trog's third power
  5714 | D:7      | Found an ancient bone altar of Kikubaaqudgha.
  5837 | D:7      | Noticed kinazarov's ghost (experienced VSMo)
  5881 | D:7      | Killed kinazarov's ghost
  5881 | D:7      | Reached skill level 16 in Maces & Flails
  6240 | D:7      | Found an iron altar of Okawaru.
  6251 | D:7      | Reached skill level 5 in Fighting
  6389 | D:8      | Noticed Maurice
  6394 | D:8      | Found an opulent altar of Gozag.
  6401 | D:8      | Killed Maurice
  6401 | D:8      | Reached XP level 10. HP: 70/98 MP: 10/10
  6968 | D:9      | Noticed Erolcha
  6981 | D:9      | Killed Erolcha
  6981 | D:9      | Reached skill level 5 in Dodging
  7137 | D:9      | Found a radiant altar of Vehumet.
  7197 | D:9      | Found Rouq's Food Shoppe.
  7200 | D:9      | Noticed P0WERM0DE's ghost (experienced TrCK)
  7208 | D:9      | Killed P0WERM0DE's ghost
  7522 | D:9      | Found an opulent altar of Gozag.
  7742 | D:9      | Reached skill level 17 in Maces & Flails
  7758 | D:9      | Found a basalt altar of Yredelemnul.
  7981 | D:9      | Reached XP level 11. HP: 105/115 MP: 11/11
  8045 | D:10     | Entered Level 10 of the Dungeon
  8046 | D:10     | Noticed a hill giant
  8056 | D:10     | Killed a hill giant
  8446 | D:10     | Killed an unseen horror
  8677 | D:10     | Received a gift from Trog
  8681 | D:10     | Reached skill level 10 in Fighting
  8783 | D:10     | Found a staircase to the Lair.
  9012 | D:6      | Bought an uncursed ring of see invisible for 195 gold pieces
  9190 | D:10     | Got an ancient battleaxe
  9191 | D:10     | Identified the +6 battleaxe of Rahio {chop, Str+4} (You found it on level 10 of the Dungeon)
  9261 | D:10     | You fall through a shaft for 2 floors!
  9576 | D:11     | Noticed a hill giant
  9605 | D:11     | Killed a hill giant
 10183 | D:11     | Noticed Harold
 10200 | D:11     | Killed Harold
 10200 | D:11     | Reached skill level 18 in Maces & Flails
 10708 | D:11     | Reached XP level 12. HP: 59/130 MP: 4/12
 10818 | D:12     | Noticed a tengu warrior
 10823 | D:12     | Noticed a centaur warrior
 11394 | D:12     | Found a roughly hewn altar of Beogh.
 11394 | D:12     | Found a staircase to the Orcish Mines.
 11439 | D:12     | Received a gift from Trog
 11532 | Orc:1    | Entered Level 1 of the Orcish Mines
 11687 | D:12     | Killed a centaur warrior
 11756 | D:12     | Noticed Maud
 11768 | D:12     | Killed Maud
 12099 | D:13     | Found Bueseubo's Jewellery Shoppe.
 12997 | Lair:1   | Entered Level 1 of the Lair of Beasts
 13066 | Lair:1   | Gained mutation: You can spit weak poison. [potion of mutation]
 13066 | Lair:1   | Gained mutation: Your mind is acute. (Int +2) [potion of mutation]
 13066 | Lair:1   | Gained mutation: You are agile. (Dex +2) [potion of mutation]
 13076 | Lair:1   | Gained mutation: You passively map a small area around you. [potion of mutation]
 13076 | Lair:1   | Gained mutation: You tend to lose your temper in combat. [potion of mutation]
 13076 | Lair:1   | Gained mutation: You are weak. (Str -2) [potion of mutation]
 13077 | Lair:1   | Lost mutation: You are agile. (Dex +2) [potion of cure mutation]
 13077 | Lair:1   | Lost mutation: You tend to lose your temper in combat. [potion of cure mutation]
 13077 | Lair:1   | Lost mutation: Your mind is acute. (Int +2) [potion of cure mutation]
 13077 | Lair:1   | Lost mutation: You can spit weak poison. [potion of cure mutation]
 13117 | Lair:1   | Found a labyrinth entrance.
 13128 | Lab      | Entered a labyrinth
 13936 | Lab      | Reached skill level 19 in Maces & Flails
 14045 | Lab      | Noticed a minotaur
 14055 | Lab      | Killed a minotaur
 15019 | Lair:2   | Gained mutation: Your spells are a little easier to cast, but a little less powerful. [potion of mutation]
 15019 | Lair:2   | Gained mutation: Potions and wands are less effective at restoring your health. [potion of mutation]
 15049 | Lair:2   | Reached XP level 13. HP: 130/144 MP: 4/13
 15502 | Lair:2   | Found a glowing golden altar of the Shining One.
 15609 | Lair:2   | Received a gift from Trog
 15610 | Lair:2   | Got a slimy giant club {god gift}
 15611 | Lair:2   | Identified the +7 giant club of Peywk {crush, rN+ Str+6} (Trog gifted it to you on level 2 of the Lair of Beasts)
 15900 | Lair:3   | Reached skill level 10 in Dodging
 15919 | Lair:3   | Reached skill level 1 in Evocations
 16307 | Lair:3   | Reached skill level 1 in Throwing
 16883 | Lair:4   | Found a staircase to the Shoals.
 17672 | Lair:4   | Received a gift from Trog
 17687 | Lair:4   | Reached skill level 5 in Throwing
 17689 | Lair:4   | Gained mutation: You are partially covered in icy blue scales (AC +1). [potion of beneficial mutation]
 17690 | Lair:4   | Identified a +4 rod of ignition (13/13) (You found it in a labyrinth)
 17691 | Lair:4   | Identified a +5 rod of clouds (12/12) (You found it in a labyrinth)
 17918 | Lair:5   | Reached skill level 15 in Fighting
 19042 | Lair:6   | Received a gift from Trog
 19118 | Lair:6   | Reached XP level 14. HP: 161/161 MP: 15/15
 19236 | Lair:6   | Noticed Nessos
 19243 | Lair:6   | Killed Nessos
 19272 | Lair:6   | Found a hole to the Spider Nest.
 19317 | Spider:1 | Entered Level 1 of the Spider Nest
 19439 | Lair:6   | Received a gift from Trog
 19440 | Lair:6   | Got a smoking giant club {god gift}
 19441 | Lair:6   | Identified the +6 giant club of the Scorpion {holy, rElec rF+ rC+} (Trog gifted it to you on level 6 of the Lair of Beasts)
 20939 | Lair:8   | Entered Level 8 of the Lair of Beasts
 21291 | Lair:8   | Reached skill level 10 in Throwing
 21557 | Lair:8   | Received a gift from Trog
 21561 | Lair:8   | Got a faintly glowing giant club {god gift}
 21562 | Lair:8   | Identified the +5 giant club of the Unliving {flame, Str+3} (Trog gifted it to you on level 8 of the Lair of Beasts)
 22142 | Lair:8   | Reached XP level 15. HP: 56/176 MP: 5/16
 22184 | Lair:8   | Found a staircase to the Slime Pits.
 23520 | Orc:1    | Found Rotibo Hoile's Jewellery Shoppe.
 23542 | Orc:1    | Bought a cursed -2 ring of dexterity for 30 gold pieces
 23542 | Orc:1    | Bought a cursed amulet of inaccuracy for 30 gold pieces
 24298 | Orc:2    | Received a gift from Trog
 24338 | Orc:2    | Noticed Snorg
 24345 | Orc:2    | Killed Snorg
 24523 | Orc:2    | Noticed Sonja
 24530 | Orc:2    | Killed Sonja
 24636 | Orc:3    | Found a staircase to the Elven Halls.
 24636 | Orc:3    | Noticed Donald
 24646 | Orc:3    | Killed Donald
 24652 | Orc:3    | Received a gift from Trog
 25233 | Orc:3    | Received a gift from Trog
 25315 | Orc:3    | Reached skill level 1 in Armour
 25352 | Orc:3    | Reached skill level 1 in Shields
 25383 | Orc:3    | Found Louzar's General Store.
 25386 | Orc:3    | Bought a scroll of summoning for 142 gold pieces
 25515 | Orc:4    | Entered Level 4 of the Orcish Mines
 25517 | Orc:4    | Noticed EuServersOMG's ghost (powerful DECj)
 25524 | Orc:4    | Received a gift from Trog
 25544 | Orc:4    | Killed EuServersOMG's ghost
 25812 | Orc:4    | Found Bokh's Antique Weapon Emporium.
 25952 | Orc:4    | Found Wicotatt's Food Boutique.
 25958 | Orc:4    | Found Cilos's General Store.
 26134 | Orc:4    | Received a gift from Trog
 27250 | Orc:4    | Found Xocoun's Antique Weapon Emporium.
 27250 | Orc:4    | Found Teatwi Texeo's Gadget Shoppe.
 27251 | Orc:4    | Found a one-way gate leading to the halls of Pandemonium.
 27711 | D:10     | Received a gift from Trog
 27817 | Shoals:1 | Entered Level 1 of the Shoals
 27818 | Shoals:1 | Noticed Kirke
 27848 | Shoals:1 | Killed Kirke
 27848 | Shoals:1 | Reached skill level 5 in Evocations
 27866 | Shoals:1 | Reached skill level 5 in Shields
 28048 | Shoals:1 | Drew Focus: Str increased to 27, Int decreased to 5
 28430 | D:13     | Reached XP level 16. HP: 159/188 MP: 20/20
 28526 | D:13     | Noticed a centaur warrior
 28529 | D:13     | Noticed a centaur warrior
 28529 | D:13     | Killed a centaur warrior
 28532 | D:13     | Noticed a centaur warrior
 28542 | D:13     | Killed a centaur warrior
 28545 | D:13     | Killed a centaur warrior
 28546 | D:13     | Noticed a centaur warrior
 28553 | D:13     | Killed a centaur warrior
 28903 | D:13     | Found an iron altar of Okawaru.
 28979 | D:13     | Noticed Josephine
 28988 | D:13     | Killed Josephine
 29204 | D:14     | Received a gift from Trog
 29666 | D:14     | Noticed a sphinx
 29666 | D:14     | an emperor scorpion changed into a sphinx
 29668 | D:14     | Noticed a golden dragon
 29668 | D:14     | a sphinx changed into a golden dragon
 29671 | D:14     | a golden dragon changed into a shadow dragon
 29682 | D:14     | Gained mutation: You are somewhat resistant to further mutation. [mutagenic meat]
 29683 | D:14     | Gained mutation: You are occasionally teleported to nearby monsters. [mutagenic meat]
 29799 | D:14     | Found a gate to the Vaults.
 29935 | D:14     | Killed a tengu warrior
 30089 | D:15     | Entered Level 15 of the Dungeon
 30089 | D:15     | Found a shadowy altar of Dithmenos.
 30314 | D:15     | Found a staircase to the Depths.
 30482 | D:15     | Noticed Urug
 30487 | D:15     | Killed Urug
 30506 | D:15     | Received a gift from Trog
 30942 | Depths:1 | Entered Level 1 of the Depths
 30954 | Depths:1 | Paralysed by a hornet for 4 turns
 30957 | Depths:1 | Slain by a gelid demonspawn

Vault maps used:
D:1:      onia_arrival_mini_spirals, serial_bayou_pond_d
D:2:      fedhas_altar_3, lightli_temple_of_fire, uniq_crazy_yiuf_cottage
D:3:      ecumenical_altar_2
D:4:      lemuel_doored_altar, minmay_temple_entry_butterflies,
          nicolae_ossuary_entry_catacombs, abandoned_shop, lemuel_flame_loot_1
D:5:      nicolae_ru_sacrificial_ziggurat, elyvilon_altar_4,
          overflow_temple_1_default, first_bread
D:6:      serial_shops, kennysheep_mini_moat, kennysheep_little_box,
          shop_statue, nicolae_shop_overgrown_old_shop, basic_altar,
          uniq_prince_ribbit1, uniq_menkaure
D:7:      lemuel_zombie_altar_kikubaaqudgha, okawaru_humans
D:8:      old_standard_altar, the_bakery, kennysheep_generic_room_8,
          uniq_maurice
D:9:      vehumet_statue, lemuel_mausoleum_altar_yredelemnul, basic_altar,
          serial_shops, nicolae_shop_waterfront, uniq_erolcha
D:10:     erik_lair_orcish_takeover
D:11:     uniq_harold
D:12:     david_orc_5, uniq_maud
D:13:     evilmike_iron_armoury, serial_shops, nicolae_shop_statue_plus,
          uniq_josephine
D:14:     david_vaults_2
D:15:     hangedman_depths_entry_try_elsewhere_first, minmay_misc_feat_columns,
          grunt_dithmenos_smoke, uniq_urug
Lair:1:   lab_entry_generic, lemuel_fruit_tree
Lair:2:   minmay_lair_oklob_chamber, basic_altar, nicolae_quartered_pool_super,
          minmay_holes, bh_autumn_forest_stairs
Lair:3:   grunt_megastairs_2
Lair:4:   elwin_shoals_entry_rooms, grunt_forest_small_clearing_treed,
          lemuel_fruit_fields, lemuel_fruit_fields
Lair:5:   grunt_megastairs_1
Lair:6:   spider_nest_entry_webs, uniq_nessos
Lair:7:   serial_bayou_shore_a
Lair:8:   evilmike_catoblepas_cave, nicolae_slime_entry_slimehenge
Shoals:1: uniq_kirke, uniq_aizul
Orc:1:    serial_shops, shop
Orc:2:    cheibrodos_orc_bank, uniq_sonja, uniq_snorg
Orc:3:    serial_shops, nicolae_shop_crystal, nicolae_orc_pool_cavern,
          roderic_batcave, nicolae_orc_bridge_out, uniq_donald
Orc:4:    pf_orc_diabolical, serial_shops, nicolae_shop_window_shopping
Depths:1: enter_ziggurat_e, rand_demon_pan_entry_3, eino_curves_04,
          pf_hell_entry_tar_river, abyss_entry, item_on_display_a,
          firewood_loft, uniq_enchantress, uniq_jorgrun
Lab:      labyrinth_mini_lab, labyrinth_skeletal_remains,
          labyrinth_baited_teleportation_trap, nicolae_lab_big_swirl, lab_hedge,
          nicolae_lab_grate
Ossuary:  minmay_ossuary_two_tombs

Action                   |  1- 3 |  4- 6 |  7- 9 | 10-12 | 13-15 | 16-18 || total
-------------------------+-------+-------+-------+-------+-------+-------++-------
Melee: Mace              |    77 |   211 |   386 |       |       |       ||   674
       Giant club        |       |       |   112 |   248 |   988 |   276 ||  1624
       Great mace        |       |       |       |   383 |    42 |       ||   425
       Giant spiked club |       |       |       |       |     6 |       ||     6
 Fire: Blowgun           |       |       |       |       |       |     2 ||     2
Throw: Large rock        |       |       |       |     4 |    66 |    19 ||    89
Invok: Berserk           |     5 |     3 |     6 |     9 |     3 |       ||    26
       Burn Spellbooks   |       |       |       |     1 |     5 |       ||     6
       Brothers in Arms  |       |       |       |     1 |     6 |     2 ||     9
Evoke: Wand              |       |       |       |     2 |     4 |     1 ||     7
       Deck              |       |       |       |       |     2 |     2 ||     4
  Use: Potion            |       |       |    10 |    11 |     5 |       ||    26
       Scroll            |       |       |    10 |     8 |    13 |     1 ||    32
 Stab: Sleeping          |       |     8 |    14 |    15 |       |       ||    37
       Distracted        |       |       |       |     2 |     1 |       ||     3
  Eat: Chunk             |     3 |     6 |     7 |    25 |    38 |    19 ||    98
       Fruit             |       |     5 |       |       |       |       ||     5
       Beef jerky        |       |     1 |       |       |     2 |       ||     3
       Bread ration      |       |       |     2 |       |       |       ||     2
       Pizza             |       |       |     1 |       |       |       ||     1
       Royal jelly       |       |       |       |     3 |     1 |     1 ||     5
       Meat ration       |       |       |       |     2 |     1 |       ||     3
